[Event "December 19 Early 2023"]
[Site "https://www.chess.com"]
[Date "2023.12.19"]
[Round "1"]
[White "Koc, Przemyslaw"]
[Black "Quirke, Jeffrey"]
[Result "0-1"]
[Board "225"]
[TimeControl "180+1"]
[WhiteFideId "1109081"]
[BlackFideId "2013029"]
[WhiteElo "2118"]
[BlackElo "2143"]
[WhiteTeam "POL"]
[BlackTeam "USA"]
[WhiteClock "0:00:08"]
[BlackClock "0:00:07"]

1. d4 e6 2. Nf3 c5 3. d5 exd5 4. e3 Nf6 5. Nc3 d6 6. Nxd5 Nxd5 7. Qxd5 Nc6 8. c3 Be6 9. Qh5 Be7 10. e4 O-O 11. Be2 f5 12. Ng5 Bxg5 13. Bxg5 Qe8 14. exf5 Qxh5 15. Bxh5 Bxf5 16. O-O d5 17. Bf3 d4 18. Rfe1 Rfe8 19. g4 Bg6 20. Bd5+ Kf8 21. f4 h6 22. Bh4 Bc2 23. Bf2 Rad8 24. c4 Rxe1+ 25. Rxe1 Ne7 26. Bf3 b6 27. f5 d3 28. Bh4 Re8 29. Bd1 Nc6 30. Rxe8+ Kxe8 31. Bf3 Nd4 32. f6 gxf6 33. Bd1 Bxd1 34. Bxf6 d2 35. Bg5 Nf3+ 36. Kf2 Nxg5 37. Ke3 Bxg4 38. Kxd2 h5 39. Ke3 Nf3 40. h3 Bxh3 41. Kxf3 Be6 42. b3 Ke7 43. Kf4 Kd6 44. Kg5 Bg4 45. Kf4 Ke6 46. a3 a5 47. a4 Bd1 48. Kg5 Bxb3 0-1

[Event "December 19 Early 2023"]
[Site "https://www.chess.com"]
[Date "2023.12.19"]
[Round "1"]
[White "Feliz Dotel, Dewar Bienvenido"]
[Black "Vakhidov, Shahzod"]
[Result "0-1"]
[Board "226"]
[TimeControl "180+1"]
[WhiteFideId "6402801"]
[BlackFideId "14205270"]
[WhiteElo "2069"]
[BlackElo "2212"]
[WhiteTeam "DOM"]
[BlackTeam "UZB"]
[WhiteClock "0:00:00"]
[BlackClock "0:01:18"]

1. Nf3 Nf6 2. c4 g6 3. g3 c5 4. Bg2 Bg7 5. O-O O-O 6. Nc3 Nc6 7. e3 d5 8. cxd5 Nxd5 9. a3 Nxc3 10. bxc3 Qa5 11. Bb2 Rd8 12. Qe2 e5 13. d4 Be6 14. Ng5 Bb3 15. Rfe1 cxd4 16. cxd4 exd4 17. exd4 Qxg5 18. d5 Bxd5 19. Bxg7 Kxg7 20. Qb5 a6 21. Qxb7 Bxg2 22. Kxg2 Qd5+ 23. Kg1 Nd4 24. Qxd5 Rxd5 25. Red1 Nf3+ 26. Kg2 Rxd1 27. Rxd1 Ne5 28. Rd5 Nc4 29. a4 Nb6 30. Rd4 a5 31. f4 Rc8 32. Rd6 Nxa4 33. f5 gxf5 34. Ra6 Rc5 35. h4 Nc3 36. h5 h6 37. Kf3 Ne4 38. Kf4 Ng5 39. Ra7 Ne6+ 40. Kf3 Kf6 0-1

[Event "December 19 Early 2023"]
[Site "https://www.chess.com"]
[Date "2023.12.19"]
[Round "1"]
[White "Ozates, Tuna"]
[Black "Hartikainen, Jarmo"]
[Result "1/2-1/2"]
[Board "227"]
[TimeControl "180+1"]
[WhiteFideId "6354521"]
[BlackFideId "503134"]
[WhiteElo "2151"]
[BlackElo "2123"]
[WhiteTeam "TUR"]
[BlackTeam "FIN"]
[WhiteClock "0:00:55"]
[BlackClock "0:01:05"]

1. e4 c5 2. c3 d5 3. exd5 Qxd5 4. d4 cxd4 5. cxd4 Nc6 6. Nf3 Bg4 7. Be2 e6 8. Nc3 Qa5 9. O-O Nf6 10. h3 Bh5 11. Re1 Be7 12. a3 O-O 13. Ne5 Bxe2 14. Rxe2 Rad8 15. Nxc6 bxc6 16. Be3 c5 17. Rd2 cxd4 18. Rxd4 Rxd4 19. Qxd4 Rd8 20. Qxa7 Qxa7 21. Bxa7 Rd2 22. b4 h5 23. b5 Rd3 24. Na4 Rxa3 25. Rxa3 Bxa3 26. b6 Bd6 27. b7 Nd7 28. Nb6 Nxb6 29. Bxb6 Bb8 30. g3 Kf8 31. f4 f6 32. Kf2 Ke8 33. Kf3 Kd7 34. Bc5 Kc6 35. Bf8 g6 36. Bg7 f5 37. Be5 Kxb7 38. h4 Ba7 1/2-1/2

[Event "December 19 Early 2023"]
[Site "https://www.chess.com"]
[Date "2023.12.19"]
[Round "1"]
[White "Yushko, Olga"]
[Black "Ghevondyan, Arman"]
[Result "0-1"]
[Board "228"]
[TimeControl "180+1"]
[WhiteFideId "14114500"]
[BlackFideId "13312073"]
[WhiteElo "1891"]
[BlackElo "2176"]
[WhiteTeam "UKR"]
[BlackTeam "ARM"]
[WhiteClock "0:01:15"]
[BlackClock "0:01:35"]

1. d4 Nf6 2. c4 g6 3. Nc3 d5 4. Nf3 Bg7 5. e3 O-O 6. Be2 c5 7. dxc5 Qa5 8. O-O dxc4 9. Bxc4 Qxc5 10. Be2 Nc6 11. a3 Be6 12. Qc2 Rac8 13. b4 Qf5 14. Qxf5 Bxf5 15. Bb2 Ne4 16. Na4 Bxb2 17. Nxb2 Nc3 18. Bd3 Bxd3 19. Nxd3 Rfd8 20. Nc5 b6 21. Nb3 Kg7 22. h3 e5 23. Kh2 f6 24. Rac1 Ne4 25. Rc2 Ne7 26. Rfc1 Rxc2 27. Rxc2 Rd7 28. Nbd2 Nxd2 29. Nxd2 Kf7 30. Ne4 Ke6 31. Kg1 h6 32. Kf1 f5 33. Nd2 Nd5 34. Ke2 Nf6 35. Rc6+ Ke7 36. Rc8 Ke6 37. Rh8 h5 38. Rc8 e4 39. Rc6+ Rd6 40. Rc3 Nd5 41. Rc8 Kd7 42. Rg8 Nc3+ 43. Ke1 Kc6 44. Rg7 a6 45. Nc4 Rd1# 0-1

[Event "December 19 Early 2023"]
[Site "https://www.chess.com"]
[Date "2023.12.19"]
[Round "1"]
[White "Farahat, Ali"]
[Black "Cramling Bellon, Anna"]
[Result "1-0"]
[Board "229"]
[TimeControl "180+1"]
[WhiteFideId "10600507"]
[BlackFideId "32009232"]
[WhiteElo "2254"]
[BlackElo "1976"]
[WhiteTeam "USA"]
[BlackTeam "SWE"]
[WhiteClock "0:02:02"]
[BlackClock "0:00:00"]

1. d4 Nf6 2. Nf3 d5 3. e3 c5 4. c4 e6 5. Nc3 Nc6 6. a3 cxd4 7. exd4 Be7 8. Bf4 a6 9. c5 O-O 10. Bd3 b6 11. b4 bxc5 12. bxc5 Nd7 13. O-O e5 14. dxe5 Nxc5 15. Bc2 d4 16. Ne4 d3 17. Nxc5 dxc2 18. Qxc2 Bg4 19. Nb7 Qc8 20. Nd6 Bxd6 21. exd6 Bxf3 22. gxf3 Nd4 23. Qxc8 Raxc8 24. Kg2 Rfd8 25. Rfd1 Ne6 26. Bg3 f5 27. Be5 1-0

[Event "December 19 Early 2023"]
[Site "https://www.chess.com"]
[Date "2023.12.19"]
[Round "1"]
[White "Saim, Mohamed Ilias"]
[Black "Kashefi, Amir Hosein"]
[Result "0-1"]
[Board "230"]
[TimeControl "180+1"]
[WhiteFideId "7900465"]
[BlackFideId "12557935"]
[WhiteElo "2063"]
[BlackElo "2109"]
[WhiteTeam "ALG"]
[BlackTeam "IRI"]
[WhiteClock "0:00:00"]
[BlackClock "0:00:24"]

1. d4 c5 2. d5 Nf6 3. c4 d6 4. Nc3 g6 5. e4 Bg7 6. Bd3 O-O 7. f4 a6 8. Nf3 b5 9. cxb5 c4 10. Bxc4 axb5 11. Bxb5 Qa5 12. Bd3 Ba6 13. O-O Bxd3 14. Qxd3 Na6 15. e5 Ng4 16. Qb5 Qxb5 17. Nxb5 dxe5 18. h3 Nf6 19. Nc3 exf4 20. Bxf4 Nc5 21. Rfd1 Nfe4 22. Be5 Bxe5 23. Nxe5 Rfb8 24. Nxe4 Nxe4 25. b3 Rb7 26. Rd4 Nc3 27. Rc4 Rxb3 28. axb3 Rxa1+ 29. Kf2 Nxd5 30. Nc6 Ra2+ 31. Kg1 e6 32. b4 Rxg2+ 33. Kxg2 Ne3+ 34. Kf3 Nxc4 35. Ke4 h5 36. Kd4 Na3 37. Kc5 g5 38. Nd4 e5 0-1

[Event "December 19 Early 2023"]
[Site "https://www.chess.com"]
[Date "2023.12.19"]
[Round "1"]
[White "Estrada Nieto, Julian"]
[Black "Donatti, Alvaro"]
[Result "1-0"]
[Board "231"]
[TimeControl "180+1"]
[WhiteFideId "5101018"]
[BlackFideId "3000303"]
[WhiteElo "2161"]
[BlackElo "2138"]
[WhiteTeam "ESP"]
[BlackTeam "URU"]
[WhiteClock "0:00:15"]
[BlackClock "0:00:00"]

1. e4 c5 2. Nf3 e6 3. c3 Nc6 4. d4 cxd4 5. cxd4 d5 6. e5 Qb6 7. Nc3 Nge7 8. Bd3 Bd7 9. Bc2 Nb4 10. O-O Nxc2 11. Qxc2 Nc6 12. Rd1 Rc8 13. Qe2 Be7 14. h4 a6 15. Bg5 O-O 16. Na4 Qa5 17. Bxe7 Nxe7 18. Nc5 Bc6 19. b3 Nf5 20. Nd3 Bb5 21. Qd2 Qxd2 22. Rxd2 Rc3 23. Rad1 Rfc8 24. h5 Rc2 25. Nb4 Rxd2 26. Rxd2 h6 27. Kh2 Kf8 28. g4 Ne7 29. a4 Bd7 30. Nd3 Rc3 31. Nfe1 Rxb3 32. Nc5 Rb1 33. Nxd7+ Ke8 34. Nc5 Rxe1 35. Nxb7 Rb1 36. Nd6+ Kd7 37. Nxf7 Rb4 38. a5 Nc6 39. Nd6 Nxd4 40. Kg2 Nc6 41. f4 Rxf4 42. Kg3 Rb4 43. Nf7 Re4 44. Rb2 Nxe5 45. Nxe5+ Rxe5 46. Rb7+ Kd6 47. Rxg7 d4 48. Rg8 1-0

[Event "December 19 Early 2023"]
[Site "https://www.chess.com"]
[Date "2023.12.19"]
[Round "1"]
[White "Quilter, Thomas A"]
[Black "Liang, Justin"]
[Result "0-1"]
[Board "232"]
[TimeControl "180+1"]
[WhiteFideId "408530"]
[BlackFideId "2099942"]
[WhiteElo "1962"]
[BlackElo "2549"]
[WhiteTeam "ENG"]
[BlackTeam "USA"]
[WhiteClock "0:00:00"]
[BlackClock "0:00:12"]

1. Nf3 Nf6 2. c4 g6 3. g3 Bg7 4. Bg2 O-O 5. O-O c6 6. d4 d6 7. Nc3 Nbd7 8. b3 e5 9. dxe5 Nxe5 10. Nxe5 dxe5 11. Bb2 Bf5 12. Qxd8 Raxd8 13. Rfd1 Rfe8 14. Na4 Bg4 15. Kf1 e4 16. h3 Bc8 17. e3 b6 18. Ke2 h5 19. Rxd8 Rxd8 20. Rd1 Rxd1 21. Kxd1 Bf5 22. Nc3 Nd7 23. Kc2 Nc5 24. Bf1 g5 25. b4 Nd7 26. Bg2 Ne5 27. Bxe4 Bxh3 28. c5 Bd7 29. Na4 b5 30. Nc3 Nc4 31. Bd3 Nxb2 32. Kxb2 h4 33. gxh4 gxh4 34. Be4 h3 35. Bh1 Be5 36. Kc2 Kg7 37. Ne4 f5 38. Ng5 Bf6 39. Nf3 Kg6 40. Ng1 f4 41. exf4 Kh5 42. Ne2 Kg4 43. Kd3 Bf5+ 44. Ke3 Bd7 45. Nd4 Bd8 46. Bf3+ Kh4 47. f5 Bg5+ 48. Ke4 Bf6 49. Ne2 Kg5 50. Bh1 Bxf5+ 51. Ke3 Bd7 52. f4+ Kg4 53. Bf3+ Kh4 54. Kf2 Bb2 55. f5 Kg5 56. Be4 Be5 57. Kg1 h2+ 58. Kh1 Kg4 59. f6 Bxf6 60. Kxh2 Be5+ 61. Kg2 Bc7 62. Bf3+ Kg5 63. Kf2 a5 64. a3 axb4 65. axb4 Be5 66. Ke3 Kf6 67. Nd4 Bxd4+ 68. Kxd4 Ke7 69. Ke5 Be8 70. Be4 Bd7 71. Bf5 Be8 72. Bg4 Bf7 73. Bh5 Bxh5 74. Kf5 Be8 75. Ke5 Bd7 76. Kd4 Ke6 77. Ke4 Be8 78. Kf4 Kd5 0-1

[Event "December 19 Early 2023"]
[Site "https://www.chess.com"]
[Date "2023.12.19"]
[Round "1"]
[White "Gong, Qianyun"]
[Black "Sevostianov, Vladimir"]
[Result "1-0"]
[Board "233"]
[TimeControl "180+1"]
[WhiteFideId "8602425"]
[BlackFideId "4144163"]
[WhiteElo "2157"]
[BlackElo "2150"]
[WhiteTeam "SGP"]
[BlackTeam "RUS"]
[WhiteClock "0:00:55"]
[BlackClock "0:01:32"]

1. e4 c5 2. Nf3 Nc6 3. Bb5 g6 4. O-O Bg7 5. Re1 Nf6 6. Nc3 O-O 7. e5 Ne8 8. d3 Nc7 9. Bc4 d5 10. exd6 exd6 11. Bg5 Bf6 12. Bxf6 Qxf6 13. Ne4 Qxb2 14. Rb1 Qg7 15. Nxd6 Be6 16. Rxb7 Bxc4 17. dxc4 Ne6 18. Rxe6 Nd8 19. Ne8 Qc3 20. Rb3 Qxc4 21. Ree3 Ne6 22. Nf6+ Kg7 23. Ne5 Qd4 24. Rbd3 Qa4 25. Nfd7 Rfe8 26. Qf3 Nf4 27. g3 Nxd3 28. Qf6+ Kh6 29. Nxf7+ Kh5 30. Qg5# 1-0

[Event "December 19 Early 2023"]
[Site "https://www.chess.com"]
[Date "2023.12.19"]
[Round "1"]
[White "Ghosh, Chanchal Kumer"]
[Black "Korchynskyi, Mykola"]
[Result "0-1"]
[Board "234"]
[TimeControl "180+1"]
[WhiteFideId "10201858"]
[BlackFideId "34138005"]
[WhiteElo "2067"]
[BlackElo "2007"]
[WhiteTeam "BAN"]
[BlackTeam "UKR"]
[WhiteClock "0:00:00"]
[BlackClock "0:01:00"]

1. e4 e6 2. Nf3 d5 3. Nc3 c5 4. exd5 exd5 5. Bb5+ Nc6 6. O-O Be7 7. d4 Nf6 8. dxc5 O-O 9. Bg5 d4 10. Bxf6 Bxf6 11. Ne4 Ne5 12. Nxf6+ Qxf6 13. Nxd4 Rd8 14. c3 Bg4 15. Be2 Bxe2 16. Qxe2 Rac8 17. b4 h6 18. Rfe1 Ng6 19. Rad1 Rd5 20. Nf3 Rf5 21. Rd3 Nf4 22. Qd2 Nxd3 23. Qxd3 Rd8 24. Qe3 Rfd5 25. h3 Rd3 26. Qe7 Qxc3 27. Re4 R3d7 28. Qh4 Qa1+ 29. Kh2 Qxa2 30. Ne5 Rd2 31. Rf4 Rf8 32. Qg3 Qe6 33. Ng4 Kh8 34. Qh4 Qg6 35. Ne3 Rdd8 36. Rf3 Rde8 37. Rg3 Re4 38. f4 Qh7 39. Ng4 Rxf4 40. Qh5 Rf5 41. Qh4 Rg5 0-1

[Event "December 19 Early 2023"]
[Site "https://www.chess.com"]
[Date "2023.12.19"]
[Round "1"]
[White "Mortazavi, Ali"]
[Black "Sailer, Mike"]
[Result "1-0"]
[Board "235"]
[TimeControl "180+1"]
[WhiteFideId "401323"]
[BlackFideId "2012901"]
[WhiteElo "2339"]
[BlackElo "2109"]
[WhiteTeam "ENG"]
[BlackTeam "USA"]
[WhiteClock "0:00:11"]
[BlackClock "0:00:00"]

1. Nf3 d5 2. g3 Nf6 3. Bg2 c5 4. O-O Nc6 5. d3 e6 6. Nbd2 Be7 7. e4 O-O 8. Re1 b5 9. exd5 exd5 10. d4 c4 11. a4 b4 12. Ne5 Bb7 13. Nxc6 Bxc6 14. Nxc4 dxc4 15. Bxc6 Rc8 16. Bg2 c3 17. b3 Qd7 18. Be3 Nd5 19. Qf3 Nxe3 20. Rxe3 Bg5 21. Re2 Qxd4 22. h4 Bd2 23. Kh2 Rfe8 24. Rf1 h6 25. Bh3 Rcd8 26. Bf5 Qd6 27. Bd3 Qb8 28. Bc4 Qc7 29. Bd3 Re7 30. Rxe7 Qxe7 31. h5 Qe5 32. Bc4 Qf6 33. Qe4 Qg5 34. Be2 Qf6 35. Kg2 Qg5 36. f3 Qd5 37. Qg4 Qg5 38. Qxb4 Qxh5 39. Qe4 Qg5 40. f4 Qf6 41. Bd3 g6 42. Rf2 h5 43. Re2 Kg7 44. Qe5 Qxe5 45. Rxe5 Rxd3 46. cxd3 c2 47. Rc5 c1=Q 48. Rxc1 Bxc1 49. b4 Bd2 50. b5 Kf6 51. Kf3 Ke6 52. Ke4 Kd6 53. d4 f5+ 54. Kd3 Ba5 55. Kc4 Bb6 56. Kb4 Kd5 57. Kc3 Bxd4+ 58. Kd3 Bb6 59. Ke2 Ke4 60. Kf1 Kf3 61. a5 Bxa5 62. Kg1 Bb6+ 63. Kh2 Ke4 64. Kh3 Bf2 65. Kh4 Kf3 66. Kh3 Bxg3 67. b6 g5 68. fxg5 1-0

[Event "December 19 Early 2023"]
[Site "https://www.chess.com"]
[Date "2023.12.19"]
[Round "1"]
[White "Brandao, Marcius Gomes"]
[Black "Silva Lucena, Cristian"]
[Result "0-1"]
[Board "236"]
[TimeControl "180+1"]
[WhiteFideId "2124980"]
[BlackFideId "2232588"]
[WhiteElo "2076"]
[BlackElo "2248"]
[WhiteTeam "BRA"]
[BlackTeam "ESP"]
[WhiteClock "0:00:00"]
[BlackClock "0:01:13"]

1. d4 d5 2. c4 e6 3. Nc3 c6 4. e4 dxe4 5. Nxe4 Bb4+ 6. Nc3 c5 7. Nf3 Nc6 8. Be3 Nf6 9. Be2 Qa5 10. Qc2 cxd4 11. Nxd4 Nxd4 12. Bxd4 e5 13. Be3 Bf5 14. Qxf5 Bxc3+ 15. Kf1 Bb4 16. Bh6 Bf8 17. g3 Nd7 18. Rd1 Rd8 19. Bg5 f6 20. Bh5+ g6 21. Bxg6+ hxg6 22. Qxg6+ Ke7 23. Rxd7+ Kxd7 24. Qxf6 Bd6 25. Qf7+ Kc8 26. Bxd8 Rxd8 0-1

[Event "December 19 Early 2023"]
[Site "https://www.chess.com"]
[Date "2023.12.19"]
[Round "1"]
[White "aksuliini1"]
[Black "Nikulina, Alena"]
[Result "1-0"]
[Board "237"]
[TimeControl "180+1"]
[BlackFideId "4172051"]
[WhiteElo "2544"]
[BlackElo "1627"]
[BlackTeam "RUS"]
[WhiteClock "0:00:18"]
[BlackClock "0:00:01"]

1. d4 d5 2. c4 dxc4 3. e3 Nf6 4. Bxc4 e6 5. Nf3 a6 6. O-O b5 7. Be2 Bb7 8. a4 b4 9. b3 Be7 10. Nbd2 O-O 11. Bb2 Nbd7 12. Nc4 a5 13. Nfe5 c5 14. Bf3 Bxf3 15. Qxf3 cxd4 16. Nc6 Qe8 17. Bxd4 Bc5 18. N6xa5 Bxd4 19. exd4 Nd5 20. Nc6 N7f6 21. N4e5 Rc8 22. Rfc1 Nd7 23. Nxd7 Qxd7 24. Ne5 Qd6 25. Rxc8 Rxc8 26. Qxf7+ Kh8 27. Qb7 Qf8 28. a5 Rc2 29. Qf7 Qxf7 30. Nxf7+ Kg8 31. Ne5 Rb2 32. a6 Kf8 33. a7 Nb6 34. a8=Q+ Nxa8 35. Rxa8+ Ke7 36. Ra7+ Kf6 37. Rf7+ Kg5 38. f4+ Kh6 39. g4 Rxb3 40. g5+ Kh5 41. Rxg7 h6 42. Rh7 Rb1+ 43. Kg2 Rb2+ 44. Kg3 Rb3+ 45. Kf2 Rb2+ 46. Ke3 Rb3+ 47. Ke4 Re3+ 48. Kxe3 1-0

[Event "December 19 Early 2023"]
[Site "https://www.chess.com"]
[Date "2023.12.19"]
[Round "1"]
[White "Mende, Andreas"]
[Black "O`Gorman, Tom"]
[Result "0-1"]
[Board "238"]
[TimeControl "180+1"]
[WhiteFideId "4631102"]
[BlackFideId "2508249"]
[WhiteElo "2068"]
[BlackElo "2288"]
[WhiteTeam "GER"]
[BlackTeam "IRL"]
[WhiteClock "0:00:32"]
[BlackClock "0:02:17"]

1. c4 e5 2. g3 Nf6 3. Bg2 c6 4. Nf3 e4 5. Nd4 d5 6. cxd5 Qxd5 7. Nc2 Qh5 8. Nc3 Bh3 9. Bxh3 Qxh3 10. Ne3 Bc5 11. Qb3 Nbd7 12. Qxb7 O-O 13. Qxc6 Rac8 14. Qa4 Bxe3 15. dxe3 Nc5 16. Qc2 Qg2 17. Rf1 Ng4 18. b4 Nxh2 0-1

[Event "December 19 Early 2023"]
[Site "https://www.chess.com"]
[Date "2023.12.19"]
[Round "1"]
[White "Teterev, Vitaly"]
[Black "Shadhursshaan R"]
[Result "1-0"]
[Board "239"]
[TimeControl "180+1"]
[WhiteFideId "13501429"]
[BlackFideId "45024138"]
[WhiteElo "2299"]
[BlackElo "1760"]
[WhiteTeam "BLR"]
[BlackTeam "IND"]
[WhiteClock "0:00:45"]
[BlackClock "0:01:13"]

1. e4 c6 2. d4 d5 3. exd5 cxd5 4. Bd3 Nc6 5. c3 Nf6 6. h3 g5 7. Bxg5 Bg7 8. Nf3 Ne4 9. Bf4 O-O 10. Nbd2 f5 11. Qe2 Qb6 12. Rb1 Be6 13. Ng5 Bd7 14. Qh5 h6 15. Ngf3 Be8 16. Qh4 Rf6 17. Ne5 Nxd2 18. Bxd2 Nxe5 19. dxe5 Rg6 20. O-O e6 21. Be3 Qc7 22. f4 Kh7 23. Kh2 Bc6 24. g4 Qf7 25. gxf5 exf5 26. Rg1 d4 27. Bxd4 Bxe5 28. Bxe5 Rag8 29. Qf2 Rg2+ 30. Rxg2 Rxg2+ 31. Qxg2 Bxg2 32. Rg1 Be4 33. Bxe4 fxe4 34. Rg7+ Qxg7 35. Bxg7 Kxg7 36. Kg3 Kf6 37. Kf2 Kf5 38. Ke3 h5 39. c4 a5 40. b3 b6 41. a3 h4 42. b4 a4 43. c5 bxc5 44. bxc5 Ke6 45. Kxe4 Kd7 46. Kd5 Ke7 47. c6 Kf6 48. c7 Kf5 49. c8=Q+ Kxf4 50. Qg4+ Ke3 51. Qe4+ Kd2 52. Qf3 Kc2 53. Kc4 Kb2 54. Kb4 Ka2 55. Qe2+ Ka1 56. Kc3 Kb1 57. Qb2# 1-0

[Event "December 19 Early 2023"]
[Site "https://www.chess.com"]
[Date "2023.12.19"]
[Round "1"]
[White "Navyblue1"]
[Black "Khamdamova, Afruza"]
[Result "0-1"]
[Board "240"]
[TimeControl "180+1"]
[BlackFideId "14210444"]
[WhiteElo "2045"]
[BlackElo "2295"]
[BlackTeam "UZB"]
[WhiteClock "0:00:00"]
[BlackClock "0:01:01"]

1. d4 Nf6 2. c4 e6 3. Nf3 d5 4. Nc3 Be7 5. Bg5 O-O 6. cxd5 exd5 7. e3 h6 8. Bh4 c6 9. Qc2 Re8 10. Bd3 a5 11. O-O Na6 12. a3 Nc7 13. Ne5 Ne6 14. Rad1 Nd7 15. Bxe7 Qxe7 16. f4 Nxe5 17. dxe5 Nc5 18. Bh7+ Kh8 19. Bf5 Bxf5 20. Qxf5 b5 21. Rf3 b4 22. axb4 axb4 23. Ne2 Ne4 24. Rh3 Ra2 25. Ng3 Nxg3 26. hxg3 Rxb2 27. g4 Qe6 28. Qh5 Qg6 29. g5 Qxh5 30. Rxh5 Kh7 31. gxh6 gxh6 32. Kf1 Rg8 33. Rh2 Rg3 34. Rd3 Kg6 0-1

[Event "December 19 Early 2023"]
[Site "https://www.chess.com"]
[Date "2023.12.19"]
[Round "1"]
[White "Hirneise, Jens"]
[Black "Gulamirian, Korun"]
[Result "1-0"]
[Board "241"]
[TimeControl "180+1"]
[WhiteFideId "24614734"]
[BlackFideId "4144899"]
[WhiteElo "2311"]
[BlackElo "1621"]
[WhiteTeam "GER"]
[BlackTeam "RUS"]
[WhiteClock "0:01:51"]
[BlackClock "0:00:01"]

1. d4 Nf6 2. c4 e6 3. Nf3 d5 4. g3 Bb4+ 5. Bd2 Bxd2+ 6. Nbxd2 O-O 7. Bg2 c6 8. O-O Nbd7 9. Rc1 Re8 10. Qc2 e5 11. dxe5 Nxe5 12. Nxe5 Rxe5 13. Nf3 Re8 14. Rfd1 Bg4 15. cxd5 cxd5 16. Qd3 Qe7 17. e3 Rac8 18. h3 Bxf3 19. Bxf3 Rxc1 20. Rxc1 Qe6 21. Kg2 Ne4 22. h4 g6 23. Qd4 Nf6 24. Qxa7 Re7 25. Qd4 h5 26. a4 Rd7 27. b4 Ne4 28. Rc8+ Kh7 29. Rh8# 1-0

[Event "December 19 Early 2023"]
[Site "https://www.chess.com"]
[Date "2023.12.19"]
[Round "1"]
[White "SujanaLohani"]
[Black "Aaron, Deepak"]
[Result "0-1"]
[Board "242"]
[TimeControl "180+1"]
[BlackFideId "2009412"]
[WhiteElo "2024"]
[BlackElo "2257"]
[BlackTeam "USA"]
[WhiteClock "0:01:33"]
[BlackClock "0:02:45"]

1. d4 e6 2. c4 f5 3. e4 fxe4 4. Nc3 Nf6 5. f3 Bb4 6. Bg5 O-O 7. fxe4 h6 8. Bxf6 Qxf6 9. Nf3 c5 10. e5 Qf4 11. Be2 Nc6 12. g3 Qe3 13. Qd3 Rxf3 14. Qxe3 Rxe3 15. Kd2 cxd4 0-1

[Event "December 19 Early 2023"]
[Site "https://www.chess.com"]
[Date "2023.12.19"]
[Round "1"]
[White "Goltseva, Ekaterina"]
[Black "Levine, David"]
[Result "1-0"]
[Board "243"]
[TimeControl "180+1"]
[WhiteFideId "24173770"]
[BlackFideId "2011611"]
[WhiteElo "2139"]
[BlackElo "2011"]
[WhiteTeam "RUS"]
[BlackTeam "USA"]
[WhiteClock "0:00:35"]
[BlackClock "0:00:37"]

1. Nf3 d5 2. d4 Nf6 3. c4 dxc4 4. e3 e6 5. Bxc4 a6 6. O-O b5 7. Bd3 Bb7 8. a4 b4 9. Qe2 Nbd7 10. e4 c5 11. Rd1 cxd4 12. Nxd4 Be7 13. e5 Nd5 14. Qg4 Kf8 15. Qe2 Qc7 16. Nf3 g5 17. Bxg5 Bxg5 18. Nxg5 Qxe5 19. Qh5 Qg7 20. g3 N7f6 21. Qh4 h6 22. Ne4 Nxe4 23. Bxe4 Qg5 24. Qxg5 hxg5 25. Nd2 Ke7 26. Nc4 Rad8 27. Na5 Ba8 28. Rac1 Rc8 29. Bg2 Rhd8 30. Bf1 Rxc1 31. Rxc1 Nb6 32. b3 Bd5 33. Nc6+ Bxc6 34. Rxc6 Nd5 35. Rxa6 Rc8 36. Ra7+ Kf6 37. a5 Rc3 38. Bc4 Nb6 39. axb6 1-0

[Event "December 19 Early 2023"]
[Site "https://www.chess.com"]
[Date "2023.12.19"]
[Round "1"]
[White "Bogumil, Tatiana"]
[Black "Kleinman, Michael"]
[Result "0-1"]
[Board "244"]
[TimeControl "180+1"]
[WhiteFideId "4110579"]
[BlackFideId "2609479"]
[WhiteElo "1853"]
[BlackElo "2287"]
[WhiteTeam "RUS"]
[BlackTeam "CAN"]
[WhiteClock "0:00:00"]
[BlackClock "0:00:54"]

1. Nf3 c5 2. c4 Nc6 3. b3 e5 4. d3 d5 5. Bb2 d4 6. g3 Bd6 7. Bg2 f5 8. Nbd2 Nf6 9. a3 O-O 10. b4 cxb4 11. axb4 Bxb4 12. O-O a5 13. Qc2 Qe7 14. Rfb1 Be6 15. Ng5 Bd7 16. Qc1 h6 17. Ngf3 Rad8 18. Ba3 e4 19. Bxb4 axb4 20. Ne1 e3 21. Nb3 exf2+ 22. Kxf2 Ng4+ 23. Kg1 Qxe2 24. Qd2 Qe3+ 25. Qxe3 dxe3 26. Bd5+ Kh7 0-1

[Event "December 19 Early 2023"]
[Site "https://www.chess.com"]
[Date "2023.12.19"]
[Round "1"]
[White "Asish Panda"]
[Black "Serreau, David"]
[Result "1-0"]
[Board "245"]
[TimeControl "180+1"]
[WhiteFideId "45012458"]
[BlackFideId "631957"]
[WhiteElo "1767"]
[BlackElo "1979"]
[WhiteTeam "IND"]
[BlackTeam "FRA"]
[WhiteClock "0:00:05"]
[BlackClock "0:00:46"]

1. e4 c5 2. Nf3 d6 3. d4 Nf6 4. Nc3 cxd4 5. Qxd4 Nc6 6. Bb5 Bd7 7. Bxc6 Bxc6 8. Bg5 Qb6 9. Bxf6 gxf6 10. O-O-O O-O-O 11. Qc4 e6 12. Nd4 Kb8 13. Nxc6+ Qxc6 14. Qd3 Be7 15. Kb1 Rhg8 16. g3 Rg5 17. a3 Rc5 18. Na2 a5 19. Nc3 Rc8 20. Rhe1 Rc4 21. f4 Qb6 22. Ka1 a4 23. Re2 h5 24. Rb1 Qc6 25. Na2 Rxc2 26. Nb4 Qc4 27. Qxc2 Qxc2 28. Rxc2 Rxc2 29. Nxc2 Kc7 30. Rc1 Kb6 31. Ne3 Bd8 32. Nc4+ Kc7 33. Ne5+ Kb6 34. Nxf7 Be7 35. e5 dxe5 36. fxe5 f5 37. h4 Kb5 38. Ng5 b6 39. Nxe6 f4 40. Nxf4 1-0

[Event "December 19 Early 2023"]
[Site "https://www.chess.com"]
[Date "2023.12.19"]
[Round "1"]
[White "Olcayoz, Gizem"]
[Black "Sanchez Alvares, Kelvin Antonio"]
[Result "0-1"]
[Board "246"]
[TimeControl "180+1"]
[WhiteFideId "6301444"]
[BlackFideId "3906680"]
[WhiteElo "1856"]
[BlackElo "2217"]
[WhiteTeam "TUR"]
[BlackTeam "VEN"]
[WhiteClock "0:00:07"]
[BlackClock "0:00:05"]

1. e4 c5 2. Nc3 Nc6 3. Bb5 Nd4 4. Nf3 Nxb5 5. Nxb5 a6 6. Nc3 b5 7. d4 cxd4 8. Qxd4 Bb7 9. O-O d6 10. Bg5 Nf6 11. Rfe1 e5 12. Qd3 Be7 13. Bxf6 Bxf6 14. Rad1 Be7 15. Nd5 Bxd5 16. Qxd5 O-O 17. Nd2 Qa5 18. Nf1 Rac8 19. Ne3 g6 20. a3 Rc5 21. Qd2 Qa4 22. f3 Bg5 23. c3 Rd8 24. Qf2 a5 25. h4 Bf4 26. g3 Bh6 27. Nc2 Qb3 28. Na1 Qe6 29. Nc2 Rb8 30. Ne3 b4 31. axb4 axb4 32. Nd5 bxc3 33. bxc3 Rcb5 34. Re2 R5b7 35. Kg2 f5 36. Ra2 fxe4 37. fxe4 Rf8 38. Qe2 Rbf7 39. Qd3 g5 40. h5 Qg4 41. Re2 Rf3 42. Ne7+ Kg7 43. Nf5+ R8xf5 44. exf5 Rxd3 45. Rxd3 Qxe2+ 46. Kh3 Qxd3 47. f6+ Kxf6 0-1

[Event "December 19 Early 2023"]
[Site "https://www.chess.com"]
[Date "2023.12.19"]
[Round "1"]
[White "Rangel, Daniel"]
[Black "Zepeda Berlanga, Jan Enrique"]
[Result "0-1"]
[Board "247"]
[TimeControl "180+1"]
[WhiteFideId "2124475"]
[BlackFideId "5132355"]
[WhiteElo "2267"]
[BlackElo "1680"]
[WhiteTeam "BRA"]
[BlackTeam "MEX"]
[WhiteClock "0:00:03"]
[BlackClock "0:00:19"]

1. d4 Nf6 2. Nf3 d6 3. e3 c5 4. Bd3 Nc6 5. O-O Bg4 6. Nbd2 cxd4 7. exd4 Nxd4 8. h3 Nxf3+ 9. Nxf3 Bd7 10. c4 e6 11. b3 Be7 12. Bb2 Rc8 13. Qe2 d5 14. cxd5 Nxd5 15. Bxg7 Rg8 16. Be5 Bf6 17. Bc4 Bc6 18. Nd4 Nf4 19. Bxf4 Rxg2+ 20. Kh1 Qxd4 21. Bb5 Rh2+ 22. Kxh2 Qxf4+ 23. Kg1 Ke7 24. Bxc6 bxc6 25. Rad1 Be5 26. f3 Rg8+ 27. Kf2 Rg2+ 28. Ke1 Rxe2+ 29. Kxe2 Qh2+ 30. Rf2 Qf4 31. Rd3 Bd4 32. Rf1 Qe5+ 33. Kd2 Bc5 34. Rd1 Bb4+ 35. Kc2 Kf6 36. Kb1 Qe2 37. a4 Be7 38. R1d2 Qf1+ 39. Kc2 Qxh3 40. Re2 Qf5 41. Re4 Qc5+ 42. Rc3 Qa3 43. Rcc4 Bb4 44. Rxb4 Qa2+ 45. Kc3 Qa1+ 46. Kc2 Qa2+ 47. Kc3 Qa1+ 48. Kc4 Qf1+ 49. Kc5 Qxf3 50. Kxc6 Kg7 51. Rc4 f5 52. Kd6 fxe4 53. Rc7+ Kf6 54. Rxa7 Qd3+ 55. Kc5 Qe3+ 56. Kb5 Qxa7 57. a5 e3 58. b4 e2 59. a6 e1=Q 60. Ka5 Qe5+ 61. b5 Qa1+ 62. Kb4 Q7d4+ 63. Kb3 Qab2# 0-1